 Dungeon Crawl Stone Soup version 0.18-a0-1514-g6ed9364 (webtiles) character file.

479 Oddball22 the Grave Robber (level 6, -1/47 HPs)
             Began as a Demonspawn Necromancer on Mar 6, 2016.
             Shot with an arrow by a centaur (12 damage)
             ... on level 5 of the Dungeon.
             The game lasted 00:20:06 (6030 turns).

Oddball22 the Grave Robber (Demonspawn Necromancer) Turns: 6030, Time: 00:20:06

Health: -1/47      AC:  7    Str:  8    XL:     6   Next: 86%
Magic:  1/12       EV: 11    Int: 19    God:
Gold:   150        SH:  0    Dex: 13    Spells: 4 memorised, 5 levels left

rFire  . . .     SeeInvis .     w - staff of air (curse)
rCold  + . .     Gourm    .     a - +1 robe
rNeg   . . .     Faith    .     (no shield)
rPois  .         Spirit   .     (helmet restricted)
rElec  +         Dismiss  .     (no cloak)
rCorr  .         Reflect  .     (no gloves)
SustAt .         Harm     .     (no boots)
MR     .....                    (no amulet)
Stlth  +.........               i - ring of wizardry
                                I - ring of protection from cold

@: lethally poisoned (-1 -> -7), very slightly contaminated, very heavily
drained, not resistant to hostile enchantments, very unstealthy
A: antennae 1, iridescent scales 1
a: no special abilities


You were on level 5 of the Dungeon.
You were very hungry.

You visited 1 branch of the dungeon, and saw 6 of its levels.

You collected 150 gold pieces.

Inventory:

Hand Weapons
 h - a +2 whip of freezing
 y - a +1 dagger of protection
 K - a +2 short sword of speed
 M - a +2 flail of draining
Armour
 a - a +1 robe (worn)
 z - a cursed +0 shield
 B - a +0 helmet
Magical Staves
 d - an uncursed staff of wizardry
 w - a cursed staff of air (weapon)
Jewellery
 e - an uncursed ring of protection from fire
 i - a ring of wizardry (right hand)
 v - an uncursed ring of wizardry
 I - a ring of protection from cold (left hand)
 L - a +3 ring of evasion {unknown}
Wands
 u - a wand of digging (14/24)
Scrolls
 f - 5 scrolls of identify
 k - 3 scrolls of magic mapping
 l - a scroll of teleportation
 n - 3 scrolls of enchant weapon
 s - a scroll of enchant armour
 t - a scroll of noise {unknown}
 x - a scroll of fog {unknown}
 D - a scroll of fear {unknown}
 E - a scroll of remove curse {unknown}
Potions
 g - a potion of cure mutation
 j - a potion of magic
 r - 2 potions of curing
 A - a potion of resistance {unknown}
 F - a potion of mutation {unknown}
 H - a potion of haste
Books
 b - a book of Necromancy

   Spells                             Type                      Level
   a - Pain                           Necromancy                   1
   b - Animate Skeleton               Necromancy                   1
   c - Vampiric Draining              Necromancy                   3
   d - Regeneration                   Charms/Necromancy            3
   e - Animate Dead                   Necromancy                   4
   f - Control Undead                 Necromancy                   4
Comestibles
 c - 2 bread rations
 q - 5 fruits
 C - 2 meat rations
 G - a beef jerky


   Skills:
 - Level 3.0(0.0) Fighting
 - Level 1.1(0.0) Staves
 - Level 1.7(0.0) Dodging
 - Level 1.7(0.0) Stealth
 * Level 4.2(1.2) Spellcasting
 + Level 1.6(0.0) Charms
 + Level 6.2(2.9) Necromancy


You had 5 spell levels left.
You knew the following spells:

 Your Spells              Type           Power        Failure   Level  Hunger
a - Pain                  Necr           ##..         3%          1    ##.....
b - Animate Skeleton      Necr           N/A          3%          1    ##.....
c - Vampiric Draining     Necr           ##........   7%          3    ####...
d - Regeneration          Chrm/Necr      #.........   14%         3    ####...


Dungeon Overview and Level Annotations

Branches:
Dungeon (6/15)             Temple (0/1) D:5

Altars:
Dithmenos
Nemelex Xobeh
The Shining One

Annotations:
D:4 Grinder
D:6 Dowan


Innate Abilities, Weirdness & Mutations

You have a pair of small antennae on your head.
You are partially covered in iridescent scales (AC +4).


Message History

You are more poisoned.
The worker ant poisons you!
Casting: Vampiric Draining
Confirm with . or Enter, or press ? or * to list all spells.
Aiming: Vampiric Draining
Press: ? - help, Shift-Dir - straight line, f/p - worker ant
Aim: a worker ant (almost dead)
You kill the worker ant!
You feel life coursing into your body.
You feel sick.
You feel sick.
You feel sick.
You feel sick.
You feel sick.
A centaur comes into view.
The centaur shouts!
The centaur wields a shortbow.
The centaur shoots an arrow.
The arrow closely misses you.
You see here an arrow.
You feel sick.
The centaur shoots an arrow.
The arrow hits you!
You die...

*,,,,,,,,,,,,* ##.##.#
*,,,,,,,,,,,,* #.....#
*,,,,,,,,,,,,* #.....#
*,,,,,,,,,,,,* #.#...#
**,,,,,,,,,,,,* #.....#
*,,,,,,,,.,>,,* ####...#
*,***,*,,.ยง.,,* #......#
*,* *,*<*..c..####.#.##>#
*,***,***.......@5.#....#
*,*,*,,,,..##############
*,*,******,* *,*,,,*,,,,*
,,*,*,*,**** ,,*,*,,,*
,**,***** ,,,,* *****


You could see a centaur and a crimson imp (inner flame).

Vanquished Creatures
  Edmund (D:5)
  A jelly (D:5)
  2 orc wizards
  2 worker ants
  Robin (D:3)
  5 adders
  2 shadow imps (D:5)
  2 oozes
  4 worms
  5 dart slugs
  4 giant geckos
  16 orcs
  6 giant cockroaches
  19 goblins
  4 hobgoblins
  9 jackals
  2 quokkas (D:3)
  9 bats
  A giant gecko skeleton (D:4)
  5 giant newts
  6 kobolds
  11 rats
117 creatures vanquished.

Notes
Turn   | Place    | Note
--------------------------------------------------------------
     0 | D:1      | Oddball22 the Demonspawn Necromancer began the quest for the Orb.
     0 | D:1      | Reached XP level 1. HP: 13/13 MP: 3/3
    20 | D:1      | Noticed a minotaur zombie
   143 | D:1      | Learned a level 1 spell: Animate Skeleton
   472 | D:1      | Gained mutation: You are partially covered in iridescent scales (AC +4). [demonic ancestry]
   472 | D:1      | Reached XP level 2. HP: 20/20 MP: 5/5
   473 | D:1      | Reached skill level 1 in Fighting
   637 | D:1      | Found a glowing golden altar of the Shining One.
  1090 | D:2      | Reached XP level 3. HP: 26/26 MP: 4/6
  1281 | D:2      | Learned a level 3 spell: Vampiric Draining
  1499 | D:2      | Reached skill level 5 in Necromancy
  1503 | D:2      | Found a sparkling altar of Nemelex Xobeh.
  1870 | D:2      | Reached XP level 4. HP: 24/33 MP: 2/8
  2535 | D:3      | Learned a level 3 spell: Regeneration
  2569 | D:3      | Noticed a phantom
  2899 | D:4      | Noticed Grinder
  2985 | D:3      | Noticed Robin
  3032 | D:3      | Reached XP level 5. HP: 35/39 MP: 6/9
  3037 | D:3      | Killed Robin
  3474 | D:3      | Reached skill level 1 in Staves
  4831 | D:4      | Gained mutation: You have a pair of small antennae on your head. [demonic ancestry]
  4831 | D:4      | Reached XP level 6. HP: 27/47 MP: 6/11
  4923 | D:4      | Paralysed by Grinder for 2 turns
  4931 | D:5      | Entered Level 5 of the Dungeon
  4944 | D:5      | Noticed Edmund
  4963 | D:5      | Reached skill level 1 in Charms
  5024 | D:5      | Killed Edmund
  5024 | D:5      | Reached skill level 6 in Necromancy
  5323 | D:6      | Noticed Dowan
  5412 | D:5      | Noticed a hippogriff
  5710 | D:5      | Found a shadowy altar of Dithmenos.
  6030 | D:5      | Shot with an arrow by a centaur

Vault maps used:
D:1:      shiori_arrival_whats_in_store_for_you, serial_forest,
          infiniplex_forest_lined_corner, infiniplex_forest_end_2,
          infiniplex_forest_zigzag_1, infiniplex_forest_clump_double,
          infiniplex_forest_clump_large, hangedman_decor_push, tso_metal_star
D:2:      nemelex_dance_club_becter
D:3:      uniq_robin
D:4:      first_bread, uniq_grinder
D:5:      minmay_temple_entry_purple_smoke, grunt_dithmenos_shadows, uniq_edmund
D:6:      uniq_sigmund, uniq_blork_the_orc, uniq_duvessa

Skill      XL: |  1  2  3  4  5  6 |
---------------+-------------------+-----
Fighting       | 1 2 3 |  3.0
Necromancy     | 5 6 |  6.2
Spellcasting   | 3 4 |  4.2
Staves         | 1 |  1.1
Charms         | 1 |  1.6
Dodging        | |  1.7
Stealth        | |  1.7

Action                   |  1- 3 |  4- 6 || total
-------------------------+-------+-------++-------
Melee: Dagger            |    79 |     7 ||    86
       Staff             |       |   258 ||   258
       Whip              |       |    40 ||    40
 Cast: Pain              |    53 |    81 ||   134
       Vampiric Draining |     1 |     9 ||    10
       Regeneration      |       |     7 ||     7
       Animate Skeleton  |       |     1 ||     1
  Use: Potion            |       |     7 ||     7
       Scroll            |       |     8 ||     8
 Stab: Sleeping          |     1 |     1 ||     2
  Eat: Chunk             |     3 |    11 ||    14
       Bread ration      |       |     1 ||     1
